 Dungeon Crawl Stone Soup version 0.18-a0-917-g8a3da5b (webtiles) character file.

38 Duffy the Chopper (level 3, 0/33 HPs)
             Began as a Deep Dwarf Berserker on Dec 26, 2015.
             Was a Believer of Trog.
             Slain by Sigmund
             ... wielding a +0 scythe
              (2 damage)
             ... on level 2 of the Dungeon.
             The game lasted 00:01:36 (842 turns).

Duffy the Chopper (Deep Dwarf Berserker)             Turns: 842, Time: 00:01:36

Health: 0/33       AC:  3    Str: 20    XL:     3   Next: 25%
Magic:  2/2        EV: 12    Int:  7    God:    Trog [**....]
Gold:   47         SH:  0    Dex: 13    Spells: 0 memorised, 2 levels left

rFire  . . .     SeeInvis .     a - +0 hand axe
rCold  . . .     Gourm    .     h - +0 leather armour
rNeg   . . .     Faith    .     (no shield)
rPois  .         Spirit   .     (no helmet)
rElec  .         Dismiss  .     (no cloak)
rCorr  .         Reflect  .     (no gloves)
SustAt .         Harm     .     (no boots)
MR     .....                    (no amulet)
Stlth  +.........               (no ring)
                                (no ring)

@: confused, non-regenerating, not resistant to hostile enchantments, very
unstealthy
A: damage resistance, recharge devices, sense surroundings 1, slow regeneration
3
a: Device Recharging, Berserk, Trog's Hand, Burn Spellbooks, Renounce Religion


You were on level 2 of the Dungeon.
You worshipped Trog.
Trog was pleased with you.
You were not hungry.

You visited 1 branch of the dungeon, and saw 2 of its levels.

You collected 47 gold pieces.


Innate Abilities, Weirdness & Mutations

You are resistant to damage.
You can recharge devices by infusing magical energy.
You passively map a small area around you.
You do not regenerate naturally.


   Skills:
 - Level 2.8 Fighting
 + Level 4.3 Axes
 - Level 2.4 Armour
 - Level 2.5 Dodging


You had 2 spell levels left.
You didn't know any spells.

Inventory:

Hand Weapons
 a - a +0 hand axe (weapon)
Armour
 b - a +0 animal skin
 h - a +0 leather armour (worn)
Jewellery
 o - an uncursed amulet of dismissal {unknown}
Wands
 c - a wand of heal wounds (0/9)
Scrolls
 e - a scroll of amnesia {unknown}
 i - a scroll of random uselessness {unknown}
 l - 2 scrolls of enchant weapon {unknown}
 m - 2 scrolls of identify {unknown}
 q - a scroll of remove curse {unknown}
Potions
 f - a potion of flight {unknown}
 g - 2 potions of curing {unknown}
 j - a potion of cancellation {unknown}
 k - a potion of haste
 n - a potion of lignification {unknown}
 p - a potion of degeneration {unknown}
Comestibles
 d - 2 bread rations

Dungeon Overview and Level Annotations

Branches:
Dungeon (2/15)

Altars:

Annotations:
D:2 Sigmund


Message History

You bump into the rock wall.
Something hits you!
You feel less confused.
Sigmund appears from thin air!
Reactivating autopickup.
Evoke which item? (* to show all) (? for menu, Esc to quit)
Zapping:
c - a wand of heal wounds (1/9)
Press: ? - help, Shift-Dir - straight line, f - you You feel much better.
This wand has 0 charges left.
Sigmund mumbles some strange words.
Sigmund flickers and vanishes!
Deactivating autopickup; reactivate with Ctrl-A.
You hit something. Something hits you.
You hit something but do no damage.
You hear some strange, mumbled words.
You are confused.
You barely miss something.
You hear some strange, mumbled words.
You are more confused.
You closely miss something. Something hits you.
You bump into the rock wall.
Something hits you!
You bump into the rock wall.
You miss something.
You hear some strange, mumbled words.
Something tries to affect you, but you resist.
You miss something.
You hear some strange, mumbled words.
A puff of flame appears from out of thin air!
The puff of flame hits you!
You barely miss something.
You hear some strange, mumbled words.
A puff of flame appears from out of thin air!
The puff of flame hits you!
You bump into the rock wall.
Something hits you.
You bump into the rock wall.
Something hits you.
You die...

#.########.###### * #.*
#.#..#...#.# #.# #.#..#.#.#.#
* #$# #.#..#.#.#.###### * #.#
#.#..#.#.#)#..... #.#
#.#..#.#.#.# #... , * #.#
#.#..#.#.#.#,#.##
.######.#####.#..#.#.#.#.#.##
,......?....{@................
*######.#..<#.#.##.#...#.#.##
##.#####.#........#.# *
#.............###.#,# * *
*#...####.###### #.#, ,
.......#**#.# #.# ..$......
..., ,... , .....##### #.## *
.# ..... #.# , *


There were no monsters in sight!

Action                   || total
-------------------------++-------
Melee: Hand axe          ||   115
 Abil: Device Recharging ||     1
Evoke: Wand              ||     7

Notes
Turn   | Place    | Note
--------------------------------------------------------------
     0 | D:1      | Duffy the Deep Dwarf Berserker began the quest for the Orb.
     0 | D:1      | Reached XP level 1. HP: 20/20 MP: 1/1
   119 | D:1      | Reached XP level 2. HP: 21/27 MP: 2/2
   321 | D:1      | Reached ** piety under Trog
   446 | D:1      | Reached skill level 4 in Axes
   700 | D:2      | Reached XP level 3. HP: 20/33 MP: 3/3
   774 | D:2      | Noticed Sigmund
   842 | D:2      | Slain by Sigmund

Vault maps used:
D:1:      dpeg_arrival_stone_temple_mockup
D:2:      nicolae_overflow_hidden_temple, uniq_robin, uniq_sigmund

Vanquished Creatures
  An adder
  A worm
  A giant gecko
  3 giant cockroaches
  2 goblins
  4 hobgoblins
  3 jackals
  2 kobolds
  7 bats
  2 rats
26 creatures vanquished.
